 Dungeon Crawl Stone Soup version 0.23.2-33-g5129a83184 (webtiles) character file.

Game seed: 2692967176821197624

226 Descartes the Ducker (level 5, -5/26 HPs)
             Began as a Spriggan Wanderer on July 5, 2019.
             Killed from afar by an orc wizard (12 damage)
             ... with a puff of flame
             ... on level 4 of the Dungeon.
             The game lasted 00:07:47 (2948 turns).

Descartes the Ducker (Spriggan Wanderer)            Turns: 2948, Time: 00:07:47

Health: -5/26      AC:  2    Str:  4    XL:     5   Next: 69%
Magic:  9/9        EV: 21    Int: 16    God:
Gold:   122        SH:  0    Dex: 18    Spells: 8/8 levels left

rFire    . . .     SeeInvis +   a - +1 dagger (drain)
rCold    . . .     Gourm    .   (shield restricted)
rNeg     . . .     Faith    .   e - +0 robe
rPois    .         Spirit   .   (helmet restricted)
rElec    .         Reflect  .   (no cloak)
rCorr    .         Harm     .   (gloves unavailable)
MR       .....                  (boots unavailable)
Stlth    +++.......             (no amulet)
HPRegen  0.08/turn              (no ring)
MPRegen  0.11/turn              (no ring)

@: very quick
A: very small, unfitting armour, see invisible, herbivore, speed 3, slow
metabolism 2
a: no special abilities


You were on level 4 of the Dungeon.
You were not hungry.

You visited 1 branch of the dungeon, and saw 4 of its levels.

You collected 122 gold pieces.

Inventory:

Hand Weapons
 a - a +1 dagger of draining (weapon)
 b - a +0 hunting sling
 c - a +0 spear
 h - a +2 dagger
Missiles
 k - 63 arrows
 l - 21 bolts
 m - 4 tomahawks (quivered)
 u - 14 poisoned needles
 y - 24 stones
 z - a throwing net
Armour
 e - a +0 robe (worn)
Scrolls
 d - 2 scrolls of teleportation
 i - a scroll of random uselessness {unknown}
 p - a scroll of noise {unknown}
 r - a scroll of enchant weapon {unknown}
 s - a scroll of remove curse
 x - a scroll of blinking
 A - a scroll of magic mapping {unknown}
 B - a scroll of fear {unknown}
Potions
 g - a potion of invisibility {unknown}
 j - 2 potions of magic {unknown}
 n - 2 potions of might {unknown}
 o - 2 potions of haste {unknown}
 q - a potion of heal wounds {unknown}
 t - a potion of agility {unknown}
 v - a potion of flight {unknown}
 w - 2 potions of curing {unknown}
Comestibles
 f - 4 rations


   Skills:
 + Level 2.1 Fighting
 + Level 1.8(2.4) Short Blades
   Level 1.5(1.8) Long Blades
 - Level 1.3 Polearms
 + Level 1.2 Slings
 * Level 5.2 Dodging
 * Level 5.0 Stealth
 + Level 2.2 Spellcasting
   Level 1.3 Evocations


You had 8 spell levels left.
You didn't know any spells.
Your spell library was empty.

Dungeon Overview and Level Annotations

Branches:
Dungeon (4/15)
 Temple: D:4-7

Altars:
Kikubaaqudgha
Makhleb
Okawaru
Xom

Shops:
D:4 }[


Innate Abilities, Weirdness & Mutations

You are very small and have problems with some larger weapons.
You are too small for most types of armour.
You have supernaturally acute eyesight. (SInv)
You are a herbivore.
You cover ground extremely quickly.
You need to consume almost no food.


Message History

You feel less confused.
The orc wizard hits you but does no damage.
The orc completely misses you.
You hit the orc wizard but do no damage.
The orc wizard barely misses you.
You hit the orc wizard.
The orc wizard is lightly wounded.
The orc misses you. The orc hits you with a +0 short sword.
The orc wizard completely misses you.
You closely miss the orc wizard.
The orc wizard is lightly wounded.
The orc hits you from afar with a +0 trident!
The orc barely misses you.
The orc wizard hits you with a +0 dagger.
* * * LOW HITPOINT WARNING * * *
There is an entrance to Yruciff's Gadget Emporium here.
There is a stone staircase leading up here.
The orc wizard gestures at you while chanting.
The puff of flame hits you!
You die...

#..#..∩.∩.# ##.......
#..###.....#
#........ #..#
#.....# #........ #.#
#..oo.# ##....... ..
#.....# #.......
#....o# #.#.....
#.....## ..##....
#### #......# .##
#... #..####....@.#
.o ##. #....##......#
o. # ##.##.†.#.....#
.o.. #...###.......##
...
##...####.......#....
#.....# ##........#
#.....# ##.......#
#.....## #....##..#
#...[..###...## #.#


You could see an orc wizard (invisible) and 2 orcs.

Vanquished Creatures
  An orc wizard (D:4)
  2 worker ants (D:4)
  4 gnolls (D:3)
  4 adders
  5 dart slugs
  A leopard gecko (D:3)
  2 ball pythons (D:1)
  8 giant cockroaches
  7 goblins
  2 hobgoblins (D:2)
  3 quokkas
  6 bats
  8 frilled lizards
  14 kobolds
  8 rats
75 creatures vanquished.

Notes
Turn   | Place    | Note
-------+----------+-------------------------------------------
     0 | D:1      | Descartes the Spriggan Wanderer began the quest for the
                  | Orb.
     0 | D:1      | Descartes set off with the following items: a +2 dagger, a
                  | scroll of blinking, a +0 spear, a scroll of teleportation,
                  | a +0 robe, a ration
     0 | D:1      | Reached XP level 1. HP: 10/10 MP: 3/3
   160 | D:1      | Reached XP level 2. HP: 15/15 MP: 4/4
   636 | D:2      | Reached skill level 1 in Spellcasting
   641 | D:2      | Reached XP level 3. HP: 18/18 MP: 5/5
  1158 | D:2      | Reached skill level 1 in Short Blades
  1523 | D:2      | Reached XP level 4. HP: 22/23 MP: 7/7
  1733 | D:2      | Found an iron altar of Okawaru.
  1733 | D:2      | Found a faded altar of an unknown god.
  1739 | D:2      | Found a burning altar of Makhleb.
  1754 | D:2      | Found a shimmering altar of Xom.
  1756 | D:2      | Found an ancient bone altar of Kikubaaqudgha.
  2463 | D:3      | Reached XP level 5. HP: 26/26 MP: 8/8
  2726 | D:4      | Reached skill level 5 in Dodging
  2761 | D:4      | Found Yruciff's Gadget Emporium.
  2790 | D:4      | Found Waleo's Armour Shop.
  2809 | D:4      | Reached skill level 1 in Slings
  2921 | D:4      | Reached skill level 5 in Stealth
  2948 | D:4      | Killed from afar by an orc wizard

Skill      XL: |  1  2  3  4  5 |
---------------+----------------+-----
Stealth        | 2 3 4 5 |  5.0
Spellcasting   | 1 2 |  2.2
Dodging        | 4 5 |  5.2
Short Blades   | 1 |  1.8
Fighting       | 2 |  2.1
Slings         | 1 |  1.2
Long Blades    | |  1.5
Polearms       | |  1.3
Evocations     | |  1.3

Action                   |  1- 3 |  4- 6 || total
-------------------------+-------+-------++-------
Melee: Dagger            |   151 |    79 ||   230
 Fire: Hunting sling     |       |     6 ||     6
Throw: Tomahawk          |     1 |       ||     1
  Use: Scroll            |       |     2 ||     2
 Stab: Sleeping          |     4 |     8 ||    12
       Distracted        |       |     1 ||     1
Armor: Robe              |    19 |     4 ||    23
Dodge: Dodged            |   103 |    78 ||   181
